[ AOE2 MATCH · #475997559 ]
UnrankedCelts vs Georgians
[ REPLAY ANALYSIS · EXTRACTED FROM THE RECORDED GAME ]
Feudal
13:14
Castle
17:25
Imperial
33:50
| APM avg | 46.4 |
| APM peak | 96 |
| eAPM avg | 29.2 |
| Villagers / military | 169 / 125 |
Focus
⚔️ 28.6% · 🌾 71.4%
Spearman ×81 · Woad Raider ×26 · Fishing Ship ×16 · Galley ×13 · Unknown (2626) ×10 · Trebuchet (Packed) ×4
Feudal
13:15
Castle
17:35
Imperial
—
| APM avg | 29.1 |
| APM peak | 63 |
| eAPM avg | 19.5 |
| Villagers / military | 136 / 91 |
Focus
⚔️ 37.1% · 🌾 62.9%
Monaspa ×91 · Fishing Ship ×17
Feudal
12:57
Castle
18:15
Imperial
40:46
| APM avg | 31.7 |
| APM peak | 54 |
| eAPM avg | 19.1 |
| Villagers / military | 100 / 74 |
Focus
⚔️ 40.2% · 🌾 59.8%
Knight ×52 · Fishing Ship ×10 · Scorpion ×6 · Magyar Huszar ×6 · Monk ×4 · Unknown (2626) ×4
Feudal
13:31
Castle
24:16
Imperial
—
| APM avg | 30.0 |
| APM peak | 74 |
| eAPM avg | 19.7 |
| Villagers / military | 86 / 11 |
Focus
⚔️ 29.7% · 🌾 70.3%
Unknown (1952) ×21 · Fishing Ship ×6 · Archer ×4 · Demolition Raft ×3 · Mangonel ×2 · Spearman ×2
Match map
Initial resources + every placement click. Lines = walls · curves = elevation contours. ◆ gold · ⬟ stone · ● berries · ✦ relic · ◌ wall gap
Your base· Open — unwalled flank
[FORD]DarkHorse's base· Open — 4t gap
Arie's base· Open — 7t gap
Petard |^^|'s base· Open — 1t gap
Smoothed initial terrain · ◌ = detected wall gap · hover for details
Inputs per minute
— Mr.Hy - - [FORD]DarkHorse
Build order — Mr.Hy
First 150 of 485 actions detected
| 0:34 | Build | Town Center |
| 0:57 | Build | Dock |
| 1:10 | Build | House |
| 2:37 | Create | Villager (Male) |
| 2:37 | Create | Villager (Male) |
| 2:43 | Create | Villager (Male) |
| 2:53 | Create | Villager (Male) |
| 2:53 | Create | Villager (Male) |
| 3:32 | Create | Fishing Ship |
| 3:56 | Create | Villager (Male) |
| 4:26 | Build | House |
| 4:43 | Create | Villager (Male) |
| 4:43 | Create | Villager (Male) |
| 5:05 | Create | Villager (Male) |
| 5:24 | Create | Villager (Male) |
| 5:35 | Create | Fishing Ship |
| 5:47 | Build | House |
| 5:49 | Create | Villager (Male) |
| 5:50 | Create | Villager (Male) |
| 6:10 | Create | Villager (Male) |
| 6:11 | Create | Fishing Ship |
| 6:38 | Create | Villager (Male) |
| 6:38 | Create | Villager (Male) |
| 6:52 | Build | House |
| 6:55 | Create | Fishing Ship |
| 7:05 | Build | House |
| 7:11 | Create | Villager (Male) |
| 7:20 | Build | House |
| 7:29 | Create | Villager (Male) |
| 7:36 | Create | Fishing Ship |
| 7:39 | Create | Villager (Male) |
| 7:53 | Build | House |
| 8:10 | Create | Villager (Male) |
| 8:12 | Create | Fishing Ship |
| 8:30 | Create | Villager (Male) |
| 8:31 | Create | Fishing Ship |
| 8:36 | Build | Lumber Camp |
| 8:58 | Create | Fishing Ship |
| 9:10 | Create | Villager (Male) |
| 9:20 | Build | House |
| 9:43 | Create | Villager (Male) |
| 9:58 | Build | Dock |
| 10:06 | Create | Villager (Male) |
| 10:10 | Create | Fishing Ship |
| 10:37 | Create | Villager (Male) |
| 10:46 | Build | Mining Camp |
| 10:52 | Create | Fishing Ship |
| 11:04 | Research | Feudal Age |
| 11:13 | Build | Mill |
| 11:23 | Create | Fishing Ship |
| 12:01 | Build | Dock |
| 12:09 | Create | Fishing Ship |
| 12:13 | Create | Fishing Ship |
| 12:17 | Build | House |
| 12:57 | Create | Fishing Ship |
| 13:11 | Create | Villager (Male) |
| 13:11 | Create | Villager (Male) |
| 13:14 | Age | Feudal Age |
| 13:18 | Build | Blacksmith |
| 13:23 | Build | Market |
| 13:35 | Create | Fishing Ship |
| 13:35 | Create | Fishing Ship |
| 13:45 | Build | House |
| 13:50 | Research | Loom |
| 13:53 | Create | Villager (Male) |
| 14:30 | Create | Unit 2626 |
| 14:30 | Create | Unit 2626 |
| 14:31 | Create | Unit 2626 |
| 14:45 | Research | Castle Age |
| 14:46 | Research | Castle Age |
| 14:48 | Research | Double-Bit Axe |
| 14:48 | Research | Double-Bit Axe |
| 15:01 | Research | Tech 906 |
| 15:02 | Research | Tech 906 |
| 15:25 | Create | Unit 2626 |
| 15:56 | Research | Forging |
| 15:56 | Research | Forging |
| 16:02 | Create | Unit 2626 |
| 16:02 | Create | Unit 2626 |
| 16:05 | Build | House |
| 16:05 | Build | House |
| 16:34 | Build | Dock |
| 16:52 | Create | Unit 2626 |
| 16:52 | Create | Unit 2626 |
| 16:56 | Create | Villager (Male) |
| 17:10 | Create | Villager (Male) |
| 17:10 | Create | Villager (Male) |
| 17:25 | Age | Castle Age |
| 17:28 | Research | War Galley (upgrade) |
| 17:34 | Create | Villager (Male) |
| 17:37 | Build | Town Center |
| 17:47 | Create | Villager (Male) |
| 18:19 | Create | Villager (Male) |
| 18:27 | Create | Villager (Male) |
| 18:30 | Create | Unit 2626 |
| 18:31 | Create | Unit 2626 |
| 18:36 | Create | Villager (Male) |
| 18:45 | Research | Bow Saw |
| 18:48 | Build | House |
| 18:57 | Create | Villager (Male) |
| 19:06 | Create | Villager (Male) |
| 19:07 | Create | Villager (Male) |
| 19:10 | Create | Villager (Male) |
| 19:20 | Research | Fletching |
| 19:20 | Research | Fletching |
| 19:26 | Create | Galley |
| 19:27 | Create | Galley |
| 19:27 | Create | Galley |
| 19:33 | Create | Villager (Male) |
| 19:37 | Create | Galley |
| 19:39 | Create | Villager (Male) |
| 19:44 | Research | Wheelbarrow |
| 19:50 | Build | House |
| 19:51 | Build | House |
| 19:55 | Create | Villager (Male) |
| 20:01 | Create | Galley |
| 20:01 | Create | Galley |
| 20:05 | Create | Villager (Male) |
| 20:07 | Research | Bodkin Arrow |
| 20:07 | Research | Bodkin Arrow |
| 20:09 | Create | Villager (Male) |
| 20:20 | Create | Villager (Male) |
| 20:32 | Build | Town Center |
| 20:38 | Create | Villager (Male) |
| 20:49 | Create | Galley |
| 20:49 | Create | Galley |
| 20:52 | Create | Villager (Male) |
| 21:00 | Create | Villager (Male) |
| 21:08 | Create | Villager (Male) |
| 21:19 | Create | Villager (Male) |
| 21:41 | Create | Villager (Male) |
| 21:44 | Create | Galley |
| 21:44 | Create | Galley |
| 21:44 | Create | Galley |
| 21:44 | Create | Galley |
| 21:53 | Create | Villager (Male) |
| 21:56 | Research | Horse Collar |
| 21:57 | Create | Villager (Male) |
| 22:06 | Create | Villager (Male) |
| 22:10 | Create | Villager (Male) |
| 22:12 | Build | House |
| 22:15 | Build | Barracks |
| 22:18 | Research | Scale Mail Armor |
| 22:18 | Research | Iron Casting |
| 22:18 | Research | Iron Casting |
| 22:21 | Create | Villager (Male) |
| 22:29 | Create | Villager (Male) |
| 22:34 | Create | Villager (Male) |
| 22:35 | Build | Farm |
| 22:37 | Research | Heavy Plow |
Build order — [FORD]DarkHorse
First 150 of 313 actions detected
| 0:18 | Build | Town Center |
| 0:38 | Build | Dock |
| 1:33 | Build | House |
| 2:29 | Create | Villager (Male) |
| 2:30 | Create | Villager (Male) |
| 2:30 | Research | Loom |
| 2:40 | Build | Palisade Wall |
| 2:48 | Create | Villager (Male) |
| 2:48 | Create | Villager (Male) |
| 2:49 | Create | Villager (Male) |
| 2:49 | Create | Villager (Male) |
| 2:54 | Create | Villager (Male) |
| 2:54 | Create | Villager (Male) |
| 2:55 | Create | Villager (Male) |
| 3:23 | Create | Villager (Male) |
| 3:23 | Create | Villager (Male) |
| 3:23 | Create | Villager (Male) |
| 3:44 | Create | Fishing Ship |
| 3:44 | Create | Fishing Ship |
| 3:44 | Create | Fishing Ship |
| 4:36 | Create | Fishing Ship |
| 4:36 | Create | Fishing Ship |
| 5:03 | Build | House |
| 5:21 | Create | Villager (Male) |
| 5:21 | Create | Villager (Male) |
| 5:21 | Create | Villager (Male) |
| 5:37 | Create | Villager (Male) |
| 5:37 | Create | Villager (Male) |
| 5:37 | Create | Villager (Male) |
| 5:43 | Build | Palisade Wall |
| 6:01 | Create | Villager (Male) |
| 6:01 | Create | Villager (Male) |
| 6:04 | Build | House |
| 6:32 | Create | Villager (Male) |
| 6:32 | Create | Villager (Male) |
| 6:32 | Create | Villager (Male) |
| 6:35 | Create | Villager (Male) |
| 6:35 | Create | Villager (Male) |
| 6:48 | Create | Fishing Ship |
| 6:48 | Create | Fishing Ship |
| 6:49 | Create | Fishing Ship |
| 7:19 | Create | Villager (Male) |
| 7:20 | Create | Villager (Male) |
| 7:20 | Create | Villager (Male) |
| 7:20 | Create | Villager (Male) |
| 7:48 | Create | Villager (Male) |
| 7:48 | Create | Villager (Male) |
| 7:48 | Create | Villager (Male) |
| 7:50 | Create | Fishing Ship |
| 7:50 | Create | Fishing Ship |
| 7:50 | Create | Fishing Ship |
| 7:54 | Build | House |
| 7:58 | Build | Palisade Wall |
| 8:11 | Create | Villager (Male) |
| 8:11 | Create | Villager (Male) |
| 8:11 | Create | Villager (Male) |
| 8:26 | Create | Fishing Ship |
| 8:26 | Create | Fishing Ship |
| 8:28 | Create | Villager (Male) |
| 8:28 | Create | Villager (Male) |
| 8:56 | Create | Villager (Male) |
| 9:08 | Create | Villager (Male) |
| 9:09 | Create | Villager (Male) |
| 9:09 | Create | Villager (Male) |
| 9:09 | Create | Villager (Male) |
| 9:31 | Create | Fishing Ship |
| 9:31 | Create | Fishing Ship |
| 9:31 | Create | Fishing Ship |
| 9:31 | Create | Fishing Ship |
| 9:47 | Build | House |
| 10:33 | Create | Villager (Male) |
| 11:05 | Research | Feudal Age |
| 11:05 | Research | Feudal Age |
| 11:05 | Research | Feudal Age |
| 11:43 | Create | Villager (Male) |
| 11:52 | Build | House |
| 11:57 | Build | Dock |
| 12:20 | Build | Mill |
| 13:10 | Build | Palisade Wall |
| 13:15 | Age | Feudal Age |
| 13:28 | Build | Market |
| 14:04 | Build | Blacksmith |
| 14:25 | Build | Outpost |
| 14:26 | Build | Outpost |
| 14:30 | Research | Town Watch |
| 14:30 | Create | Villager (Male) |
| 14:39 | Research | Castle Age |
| 15:43 | Build | House |
| 15:48 | Build | Palisade Gate |
| 15:50 | Build | Palisade Wall |
| 16:20 | Create | Villager (Male) |
| 17:35 | Age | Castle Age |
| 17:44 | Create | Villager (Male) |
| 17:58 | Build | Castle |
| 18:04 | Build | Castle |
| 18:16 | Build | House |
| 18:17 | Build | House |
| 18:58 | Create | Villager (Male) |
| 19:05 | Create | Monaspa |
| 19:05 | Create | Monaspa |
| 19:05 | Create | Monaspa |
| 19:05 | Create | Monaspa |
| 19:12 | Create | Monaspa |
| 19:12 | Create | Monaspa |
| 19:12 | Create | Monaspa |
| 19:12 | Create | Monaspa |
| 19:30 | Build | Mule Cart |
| 19:31 | Create | Villager (Male) |
| 19:32 | Create | Villager (Male) |
| 19:32 | Create | Villager (Male) |
| 19:32 | Create | Villager (Male) |
| 19:32 | Create | Villager (Male) |
| 20:07 | Create | Monaspa |
| 20:08 | Create | Monaspa |
| 20:08 | Create | Monaspa |
| 20:15 | Create | Villager (Male) |
| 20:15 | Create | Villager (Male) |
| 20:20 | Create | Monaspa |
| 20:20 | Create | Monaspa |
| 20:20 | Create | Monaspa |
| 20:23 | Create | Villager (Male) |
| 20:29 | Create | Villager (Male) |
| 20:35 | Create | Villager (Male) |
| 20:42 | Create | Monaspa |
| 20:42 | Create | Monaspa |
| 20:42 | Create | Monaspa |
| 20:54 | Create | Monaspa |
| 20:54 | Create | Monaspa |
| 20:54 | Create | Monaspa |
| 21:28 | Create | Monaspa |
| 21:28 | Create | Monaspa |
| 21:58 | Create | Monaspa |
| 21:58 | Create | Monaspa |
| 21:59 | Create | Villager (Male) |
| 22:21 | Create | Villager (Male) |
| 22:42 | Create | Monaspa |
| 22:42 | Create | Villager (Male) |
| 22:48 | Build | Town Center |
| 23:00 | Build | Mule Cart |
| 23:21 | Create | Villager (Male) |
| 23:39 | Create | Villager (Male) |
| 23:39 | Create | Villager (Male) |
| 23:53 | Build | Mule Cart |
| 24:13 | Build | Town Center |
| 24:38 | Create | Villager (Male) |
| 24:40 | Create | Villager (Male) |
| 24:58 | Create | Villager (Male) |
| 24:59 | Create | Villager (Male) |
| 24:59 | Create | Villager (Male) |
| 25:34 | Create | Villager (Male) |
Build order — Arie
First 150 of 307 actions detected
| 0:19 | Build | Town Center |
| 0:43 | Build | Dock |
| 0:44 | Build | House |
| 1:37 | Build | Palisade Wall |
| 1:39 | Build | Palisade Wall |
| 2:27 | Create | Villager (Male) |
| 2:27 | Create | Villager (Male) |
| 2:28 | Create | Villager (Male) |
| 2:28 | Create | Villager (Male) |
| 2:28 | Create | Villager (Male) |
| 3:25 | Create | Fishing Ship |
| 3:26 | Create | Fishing Ship |
| 3:43 | Create | Villager (Male) |
| 3:44 | Research | Loom |
| 4:09 | Create | Fishing Ship |
| 4:39 | Build | House |
| 4:48 | Build | Palisade Wall |
| 4:54 | Build | House |
| 5:04 | Create | Villager (Male) |
| 5:05 | Create | Villager (Male) |
| 5:21 | Create | Fishing Ship |
| 5:45 | Create | Villager (Male) |
| 5:57 | Build | House |
| 6:07 | Create | Villager (Male) |
| 6:38 | Create | Fishing Ship |
| 6:39 | Create | Fishing Ship |
| 6:40 | Create | Villager (Male) |
| 6:40 | Create | Villager (Male) |
| 6:47 | Build | House |
| 6:57 | Create | Villager (Male) |
| 6:58 | Create | Villager (Male) |
| 7:03 | Create | Fishing Ship |
| 7:03 | Create | Fishing Ship |
| 7:06 | Create | Villager (Male) |
| 7:07 | Create | Villager (Male) |
| 7:22 | Create | Villager (Male) |
| 7:22 | Create | Villager (Male) |
| 7:29 | Build | House |
| 7:37 | Create | Villager (Male) |
| 7:37 | Create | Villager (Male) |
| 8:07 | Build | House |
| 8:21 | Create | Villager (Male) |
| 8:21 | Create | Villager (Male) |
| 8:22 | Create | Villager (Male) |
| 8:44 | Build | Lumber Camp |
| 8:57 | Build | Mill |
| 9:03 | Create | Villager (Male) |
| 9:12 | Create | Fishing Ship |
| 9:19 | Create | Villager (Male) |
| 9:53 | Build | Dock |
| 10:01 | Create | Villager (Male) |
| 10:25 | Create | Fishing Ship |
| 10:47 | Research | Feudal Age |
| 10:51 | Build | Mining Camp |
| 10:59 | Create | Villager (Male) |
| 11:00 | Create | Villager (Male) |
| 12:04 | Create | Villager (Male) |
| 12:06 | Build | House |
| 12:07 | Build | House |
| 12:10 | Create | Villager (Male) |
| 12:57 | Age | Feudal Age |
| 12:59 | Create | Unit 2626 |
| 12:59 | Create | Unit 2626 |
| 13:02 | Create | Villager (Male) |
| 13:03 | Research | Double-Bit Axe |
| 13:09 | Build | Blacksmith |
| 13:13 | Create | Villager (Male) |
| 14:22 | Create | Fire Galley |
| 14:23 | Create | Unit 2626 |
| 14:28 | Create | Villager (Male) |
| 14:53 | Build | Market |
| 15:35 | Research | Castle Age |
| 15:35 | Research | Castle Age |
| 15:50 | Research | Horse Collar |
| 15:53 | Build | Farm |
| 15:54 | Build | Farm |
| 15:55 | Build | Farm |
| 15:55 | Build | Farm |
| 16:05 | Create | Unit 2626 |
| 16:09 | Build | House |
| 16:31 | Create | Villager (Male) |
| 16:56 | Create | Trade Cog |
| 17:42 | Build | Barracks |
| 18:15 | Age | Castle Age |
| 18:19 | Create | Trade Cog |
| 18:20 | Create | Trade Cog |
| 18:27 | Research | War Galley (upgrade) |
| 18:31 | Create | Villager (Male) |
| 18:34 | Research | Bow Saw |
| 18:46 | Build | House |
| 19:06 | Create | Villager (Male) |
| 19:06 | Create | Villager (Male) |
| 19:08 | Build | Stable |
| 19:27 | Create | Villager (Male) |
| 19:30 | Build | Farm |
| 19:52 | Create | Villager (Male) |
| 19:55 | Build | Stable |
| 20:02 | Create | Knight |
| 20:02 | Create | Knight |
| 20:02 | Create | Knight |
| 20:03 | Create | Knight |
| 20:08 | Research | Scale Barding Armor |
| 20:10 | Build | Farm |
| 20:42 | Research | Bloodlines |
| 20:56 | Build | Town Center |
| 21:43 | Create | Knight |
| 21:43 | Create | Knight |
| 21:45 | Build | House |
| 21:46 | Build | House |
| 21:48 | Create | Knight |
| 21:48 | Create | Knight |
| 21:49 | Create | Villager (Male) |
| 21:49 | Create | Villager (Male) |
| 21:49 | Create | Villager (Male) |
| 21:50 | Create | Villager (Male) |
| 21:51 | Create | Villager (Male) |
| 21:51 | Create | Villager (Male) |
| 21:53 | Build | Lumber Camp |
| 22:11 | Build | Mining Camp |
| 22:15 | Build | Mining Camp |
| 22:28 | Create | Knight ×3 |
| 22:35 | Create | Villager (Male) |
| 22:36 | Create | Villager (Male) |
| 22:43 | Build | Farm |
| 22:46 | Build | Farm |
| 22:49 | Build | Farm |
| 22:53 | Build | House |
| 22:53 | Build | House |
| 23:11 | Build | House |
| 23:11 | Build | House |
| 23:17 | Create | Knight |
| 23:17 | Create | Knight |
| 23:27 | Create | Villager (Male) |
| 23:32 | Build | Mill |
| 24:24 | Create | Villager (Male) |
| 24:24 | Create | Villager (Male) |
| 24:25 | Create | Villager (Male) |
| 24:25 | Create | Villager (Male) |
| 24:29 | Build | Farm |
| 24:32 | Build | Monastery |
| 24:46 | Build | House |
| 24:47 | Build | House |
| 24:47 | Build | House |
| 24:48 | Create | Villager (Male) |
| 24:49 | Create | Villager (Male) |
| 24:55 | Build | Farm |
| 24:58 | Build | Farm |
| 25:04 | Build | Farm |
| 25:17 | Create | Knight |
| 25:18 | Create | Knight |
Build order — Petard |^^|
First 150 of 223 actions detected
| 0:38 | Build | Town Center |
| 1:05 | Build | Palisade Wall |
| 1:06 | Build | Palisade Wall |
| 1:56 | Build | Dock |
| 2:47 | Create | Villager (Male) |
| 2:47 | Create | Villager (Male) |
| 3:12 | Research | Loom |
| 3:15 | Create | Villager (Male) |
| 3:16 | Create | Villager (Male) |
| 3:38 | Build | House |
| 3:45 | Create | Villager (Male) |
| 3:53 | Build | House |
| 4:31 | Build | House |
| 4:40 | Create | Villager (Male) |
| 4:40 | Create | Villager (Male) |
| 5:03 | Build | House |
| 5:28 | Create | Fishing Ship |
| 5:47 | Create | Villager (Male) |
| 5:47 | Create | Villager (Male) |
| 6:06 | Create | Villager (Male) |
| 6:08 | Create | Fishing Ship |
| 6:56 | Create | Villager (Male) |
| 7:03 | Build | House |
| 7:06 | Create | Villager (Male) |
| 7:29 | Create | Villager (Male) |
| 7:38 | Create | Fishing Ship |
| 7:55 | Create | Villager (Male) |
| 8:16 | Create | Villager (Male) |
| 9:06 | Create | Villager (Male) |
| 9:06 | Create | Villager (Male) |
| 9:08 | Build | House |
| 9:32 | Build | House |
| 10:05 | Create | Villager (Male) |
| 10:54 | Build | Mining Camp |
| 10:56 | Create | Villager (Male) |
| 11:10 | Build | Mill |
| 11:19 | Research | Feudal Age |
| 11:39 | Build | House |
| 12:42 | Build | Barracks |
| 13:10 | Create | Villager (Male) |
| 13:31 | Age | Feudal Age |
| 13:43 | Build | Archery Range |
| 13:55 | Create | Spearman |
| 14:07 | Create | Villager (Male) |
| 14:30 | Build | Lumber Camp |
| 14:32 | Create | Villager (Male) |
| 14:47 | Create | Villager (Male) |
| 14:48 | Create | Archer |
| 14:49 | Create | Archer |
| 14:55 | Create | Archer |
| 15:18 | Create | Villager (Male) |
| 15:31 | Research | Double-Bit Axe |
| 15:52 | Research | Horse Collar |
| 16:04 | Build | Farm |
| 16:09 | Create | Villager (Male) |
| 16:14 | Build | House |
| 16:18 | Create | Villager (Male) |
| 16:27 | Build | Farm |
| 16:39 | Build | House |
| 16:44 | Build | Farm |
| 16:48 | Create | Villager (Male) |
| 17:13 | Create | Archer |
| 17:18 | Create | Villager (Male) |
| 17:38 | Create | Villager (Male) |
| 17:42 | Build | Farm |
| 17:48 | Build | Farm |
| 17:56 | Build | Farm |
| 17:57 | Build | Farm |
| 17:58 | Build | Farm |
| 18:00 | Build | Farm |
| 18:32 | Create | Villager (Male) |
| 18:35 | Build | Farm |
| 18:59 | Create | Villager (Male) |
| 19:15 | Build | Blacksmith |
| 19:22 | Research | Gold Mining |
| 19:27 | Create | Villager (Male) |
| 19:32 | Build | House |
| 19:49 | Build | Palisade Gate |
| 19:52 | Build | House |
| 19:54 | Build | Palisade Wall |
| 20:11 | Create | Spearman |
| 20:56 | Build | Mining Camp |
| 21:02 | Build | Stone Wall |
| 21:16 | Build | Stone Wall |
| 21:31 | Build | Stone Wall |
| 21:36 | Research | Castle Age |
| 22:03 | Build | House |
| 22:07 | Build | House |
| 22:08 | Build | House |
| 22:27 | Build | House |
| 22:31 | Create | Villager (Male) |
| 22:35 | Build | Farm |
| 23:34 | Build | Market |
| 23:38 | Build | Dock |
| 23:47 | Build | Archery Range |
| 24:16 | Age | Castle Age |
| 24:46 | Research | Fletching |
| 24:50 | Create | Unit 1952 |
| 24:50 | Create | Unit 1952 |
| 25:04 | Create | Unit 1952 |
| 25:12 | Build | Lumber Camp |
| 25:17 | Create | Demolition Raft |
| 25:19 | Create | Demolition Raft |
| 25:22 | Create | Fishing Ship |
| 25:22 | Create | Fishing Ship |
| 25:22 | Create | Fishing Ship |
| 25:25 | Build | Stone Wall |
| 25:33 | Create | Villager (Male) |
| 25:38 | Create | Villager (Male) |
| 25:38 | Create | Villager (Male) |
| 25:42 | Create | Unit 1952 |
| 25:56 | Build | Town Center |
| 26:19 | Create | Villager (Male) |
| 26:25 | Create | Unit 1952 |
| 26:28 | Build | Stable |
| 26:35 | Create | Villager (Male) |
| 26:42 | Build | Lumber Camp |
| 26:44 | Build | House |
| 26:47 | Build | House |
| 26:53 | Build | House |
| 26:56 | Create | Demolition Raft |
| 27:24 | Create | Villager (Male) |
| 27:25 | Create | Villager (Male) |
| 27:27 | Research | Wheelbarrow |
| 27:28 | Create | Villager (Male) |
| 27:28 | Create | Villager (Male) |
| 27:33 | Create | Villager (Male) |
| 27:40 | Create | Unit 1952 |
| 27:40 | Create | Unit 1952 |
| 27:47 | Build | Blacksmith |
| 28:22 | Create | Unit 1952 |
| 28:29 | Build | Lumber Camp |
| 28:36 | Create | Villager (Male) |
| 28:41 | Create | Villager (Male) |
| 29:12 | Create | Villager (Male) |
| 29:20 | Research | Bodkin Arrow |
| 29:25 | Create | Unit 1952 |
| 29:26 | Create | Unit 1952 |
| 29:26 | Create | Unit 1952 |
| 29:30 | Research | Bloodlines |
| 29:37 | Create | Villager (Male) |
| 29:37 | Create | Villager (Male) |
| 29:37 | Create | Villager (Male) |
| 29:56 | Build | Lumber Camp |
| 30:15 | Build | Siege Workshop |
| 30:23 | Create | Unit 1952 |
| 30:40 | Research | Husbandry |
| 30:44 | Research | Padded Archer Armor |
| 30:51 | Build | Farm |
| 31:02 | Create | Mangonel |
Match timeline
| 0:38 | [FORD]DarkHorse · first_building Dock |
| 0:43 | Arie · first_building Dock |
| 0:57 | Mr.Hy · first_building Dock |
| 1:05 | Petard |^^| · wall_segment Palisade Wall x1 |
| 1:06 | Petard |^^| · wall_segment Palisade Wall x1 |
| 1:37 | Arie · wall_segment Palisade Wall x1 |
| 1:39 | Arie · wall_segment Palisade Wall x1 |
| 1:56 | Petard |^^| · first_building Dock |
| 2:40 | [FORD]DarkHorse · wall_segment Palisade Wall x1 |
| 4:48 | Arie · wall_segment Palisade Wall x1 |
| 5:43 | [FORD]DarkHorse · wall_segment Palisade Wall x1 |
| 7:58 | [FORD]DarkHorse · wall_segment Palisade Wall x1 |
| 12:42 | Petard |^^| · first_building Barracks |
| 12:57 | Arie · age_up feudal |
| 13:10 | [FORD]DarkHorse · wall_segment Palisade Wall x1 |
| 13:14 | Mr.Hy · age_up feudal |
| 13:15 | [FORD]DarkHorse · age_up feudal |
| 13:31 | Petard |^^| · age_up feudal |
| 13:43 | Petard |^^| · first_building Archery Range |
| 15:50 | [FORD]DarkHorse · wall_segment Palisade Wall x1 |
| 17:25 | Mr.Hy · age_up castle |
| 17:35 | [FORD]DarkHorse · age_up castle |
| 17:42 | Arie · first_building Barracks |
| 17:58 | [FORD]DarkHorse · first_building Castle |
| 18:15 | Arie · age_up castle |
| 19:08 | Arie · first_building Stable |
| 19:10 | [FORD]DarkHorse · first_market_sell 100 food |
| 19:54 | Petard |^^| · wall_segment Palisade Wall x1 |
| 21:02 | Petard |^^| · wall_segment Stone Wall x3 |
| 21:16 | Petard |^^| · wall_segment Stone Wall x1 |
| 21:31 | Petard |^^| · wall_segment Stone Wall x5 |
| 22:15 | Mr.Hy · first_building Barracks |
| 24:08 | [FORD]DarkHorse · first_market_buy 100 wood |
| 24:16 | Petard |^^| · age_up castle |
| 24:32 | Arie · first_building Monastery |
| 25:10 | Mr.Hy · wall_segment Stone Wall x8 |
| 25:25 | Petard |^^| · wall_segment Stone Wall x1 |
| 25:27 | Arie · first_building Siege Workshop |
| 26:28 | Petard |^^| · first_building Stable |
| 26:40 | Mr.Hy · wall_segment Palisade Wall x1 |
| 27:36 | Mr.Hy · wall_segment Stone Wall x8 |
| 27:37 | Mr.Hy · wall_segment Stone Wall x8 |
| 29:02 | Mr.Hy · wall_segment Stone Wall x1 |
| 29:10 | Mr.Hy · wall_segment Palisade Wall x1 |
| 29:19 | Mr.Hy · first_market_buy 100 stone |
| 29:21 | Mr.Hy · first_building Castle |
| 29:35 | Mr.Hy · first_building Siege Workshop |
| 30:15 | Petard |^^| · first_building Siege Workshop |
| 32:56 | Petard |^^| · wall_segment Stone Wall x1 |
| 33:11 | Petard |^^| · wall_segment Stone Wall x1 |
| 33:50 | Mr.Hy · age_up imperial |
| 34:59 | Petard |^^| · wall_segment Stone Wall x1 |
| 35:09 | Mr.Hy · first_market_sell 100 wood |
| 35:14 | Arie · first_building Castle |
| 37:09 | Arie · first_market_sell 100 wood |
| 39:17 | Petard |^^| · first_market_buy 100 stone |
| 39:50 | [FORD]DarkHorse · resign |
| 40:46 | Arie · age_up imperial |
[ AI ANALYSIS · 1 CREDIT ]
What really happened in this match?
Wolo.gg analyzes every decision: build order, eco, micro, common mistakes by bracket. Personalized analysis on WhatsApp or Discord in 30 seconds.
Civ guide
Celts
Perfil
Jugador #25359546